Map: Turbo Cruise '84 LE

Players

llllllllllll (Stats) - Winner!

  • Race: Protoss Protoss
  • League: Master
  • Spawn Location: 7:00

Serral

  • Race: Zerg Zerg
  • League: Grandmaster
  • Spawn Location: 3:00

Event: 2019 Assembly Summer

VOD

Have the link to the VOD?

Description

Time

  • Played on: Aug. 3, 2019, 12:11 p.m.
  • Length: 6:54

All games in this series

Show
View Real Time Build Order
Export as new Build Order

llllllllllll Protoss - Winner!

Build Orders: 1 Gate Expand, Oracle Opening, Phoenix Opening 

Get SALT Encoding   

  12  0:00  Probe  
  13  0:13  Probe  
  14  0:19  Pylon  
  14  0:25  Probe  
  15  0:33  Probe  
  15  0:41  Probe  
  16  0:43  Gateway  
  16  0:48  Assimilator  
  17  0:51  Probe  
  18  1:03  Probe  
  19  1:15  Probe  
  20  1:25  Nexus  
  20  1:35  Cybernetics Core  
  20  1:38  Probe  
  21  1:44  Assimilator  
  21  1:50  Probe  
  22  1:54  Pylon  
  22  2:02  Adept  
  22  2:03  Probe  
  23  2:15  Probe  
  26  2:18  Stargate  
  26  2:27  Probe  
  26  2:29  Warp Gate  
  27  2:32  Adept  
  27  2:34  Probe  
  27  2:35  Probe  
  29  2:42  Probe  
  29  2:43  Probe  
  32  2:52  Probe  
  32  2:53  Probe  
  32  2:57  Phoenix  
  36  3:09  Probe  
  36  3:10  Probe  
  38  3:14  Oracle  
  38  3:17  Pylon  
  38  3:22  Probe x2  
  43  3:28  Gateway  
  43  3:34  Probe x2  
  45  3:37  Assimilator  
  45  3:38  Assimilator  
  45  3:45  Oracle  
  45  3:46  Probe x2  
  47  3:52  Pylon  
  50  3:58  Probe x2  
  52  4:04  Robotics Facility  
  52  4:10  Probe x2  
  52  4:16  Adept  
  56  4:22  Oracle  
  59  4:26  Adept  
  59  4:27  Probe  
  59  4:29  Pylon  
  59  4:31  Pylon  
  62  4:42  Immortal  
  62  4:47  Probe  
  63  5:03  Sentry x2  
  63  5:05  Probe x2  
  66  5:09  Gateway x2  
  66  5:12  Gateway  
  66  5:14  Gateway, Observer  
  66  5:22  Pylon  
  66  5:27  Sentry x2  
  71  5:32  Immortal  
  71  5:40  Shield Battery  
  75  5:42  Forge  
  75  5:43  Shield Battery, Twilight Council  
  75  5:44  Shield Battery  
  75  5:51  Sentry  
  75  5:53  Zealot  
  79  5:57  Pylon  
  79  6:00  Pylon  
  79  6:01  Immortal  
  79  6:15  Zealot x3  
  89  6:19  Cybernetics Core  
  89  6:25  Zealot x2  
  91  6:31  Zealot  
  89  6:39  Zealot x2  
  77  6:48  Zealot x2  
Show
View Real Time Build Order
Export as new Build Order

Serral Zerg 

Build Orders: Hatch First 

Get SALT Encoding   

  12  0:00  Drone  
  13  0:12  Overlord  
  13  0:20  Drone  
  14  0:30  Drone x2  
  16  0:48  Hatchery  
  15  0:52  Drone  
  15  0:55  Drone  
  17  0:58  Drone  
  18  1:09  Extractor  
  17  1:18  Spawning Pool  
  17  1:20  Drone  
  17  1:23  Drone  
  18  1:28  Drone  
  19  1:39  Drone  
  20  1:49  Overlord  
  20  2:04  Queen  
  20  2:05  Zergling x4, Queen  
  26  2:12  Metabolic Boost  
  26  2:14  Drone  
  27  2:18  Drone  
  28  2:23  Drone  
  28  2:24  Drone  
  30  2:34  Drone x2  
  32  2:46  Hatchery  
  31  2:51  Overlord  
  31  2:58  Queen  
  31  3:01  Drone  
  31  3:02  Drone  
  31  3:05  Drone  
  35  3:08  Drone  
  36  3:14  Drone x2  
  36  3:15  Overlord  
  36  3:17  Drone  
  36  3:19  Drone  
  40  3:24  Drone x2  
  42  3:28  Zergling x4  
  42  3:31  Overlord  
  44  3:37  Queen  
  44  3:39  Drone  
  47  3:46  Spore Crawler  
  46  3:50  Drone  
  46  3:52  Overlord  
  46  3:53  Zergling x4  
  46  3:54  Drone  
  50  3:57  Drone  
  50  4:02  Spore Crawler, Queen  
  50  4:06  Drone x2  
  54  4:12  Roach Warren  
  54  4:14  Drone  
  54  4:18  Drone x3  
  54  4:20  Drone  
  58  4:24  Extractor  
  58  4:25  Overlord, Extractor  
  56  4:32  Drone x2, Overlord  
  58  4:40  Overlord, Extractor x2  
  54  5:01  Roach x9  
  70  5:07  Roach x2  
  74  5:14  Roach x3  
  74  5:18  Overlord  
  80  5:24  Zergling x6  
  78  5:36  Ravager  
  78  5:37  Ravager x2  
  78  5:38  Zergling x8  
  80  5:43  Zergling x2  
  81  5:52  Zergling x6  
  85  5:57  Zergling x4  
  85  5:58  Ravager  
  86  6:08  Zergling x6  
  81  6:14  Ravager  
  82  6:20  Zergling x2  
  82  6:21  Zergling x4  
Tags
 
Add a new tag
Caveats
  • Supply blocks, unpowered buildings, or Contaminate may cause inaccurate times.
  • Supply counts are checked every 10 seconds.